 Dungeon Crawl Stone Soup version 0.31-a0-460-g9e667d4245 (webtiles) character file.

Game seed: 1703284311899047412

2558 MisterAzrael the Covert (level 9, -2/39 HPs)
             Began as a Spriggan Enchanter on Aug 5, 2023.
             Was a Follower of Dithmenos.
             Slain by a wyvern (6 damage)
             ... on level 9 of the Dungeon.
             The game lasted 00:18:18 (8647 turns).

MisterAzrael the Covert (Spriggan Enchanter)        Turns: 8647, Time: 00:18:19

Health: -2/39      AC:  3    Str:  4    XL:     9   Next: 31%
Magic:  17/20      EV: 17    Int: 18    God:    Dithmenos [*.....]
Gold:   478        SH:  0    Dex: 18    Spells: 10/21 levels left

rFire   . . .        L - +2 dagger (venom)
rCold   . . .        (no shield)
rNeg    . . .        b - +0 robe
rPois   .            (helmet restricted)
rElec   .            s - +0 cloak
rCorr   .            (gloves unavailable)
SInv    +            (boots unavailable)
Will    +....        F - amulet of magic regeneration
Stlth   ++++++       (no ring)
HPRegen 0.26/turn    (no ring)
MPRegen 0.57/turn

%: no passive effects
@: wreathed by umbra, invisible, very quick
A: very small, no large weapons, unfitting armour, see invisible, speed 3
a: Renounce Religion


You were on level 9 of the Dungeon.
You worshipped Dithmenos.
Dithmenos was aware of your devotion.
You visited 2 branches of the dungeon, and saw 10 of its levels.
You also visited: Ossuary.

You collected 478 gold pieces.

Inventory:

Hand Weapons
 a - a +1 dagger of venom
 C - a +0 arbalest
 D - a +0 dagger of freezing
 K - the +10 sling "Grim Tooth" {heavy, rC+ Int+3}
   (You found it on level 8 of the Dungeon)

   Int:       It affects your intelligence (+3).
   rC:        It protects you from cold.
 L - a +2 dagger of venom (weapon)
Missiles
 u - 5 atropa-tipped darts
 x - 2 datura-tipped darts
 G - a throwing net
Armour
 b - a +0 robe (worn)
 s - a +0 cloak (worn)
Magical Staves
 J - a staff of fire
Jewellery
 f - an amulet of regeneration
 k - an amulet of guardian spirit
 F - an amulet of magic regeneration (around neck)
Talismans
 i - a blade talisman
 m - a storm talisman
Wands
 I - a wand of iceblast (13)
Scrolls
 d - 2 scrolls of noise {unknown}
 e - 4 scrolls of identify
 g - 7 scrolls of teleportation
 j - 2 scrolls of poison
 p - a scroll of vulnerability {unknown}
 q - 2 scrolls of amnesia {unknown}
 r - 3 scrolls of revelation {unknown}
 v - 4 scrolls of enchant weapon
 w - 2 scrolls of fear {unknown}
 y - a scroll of butterflies {unknown}
 A - 3 scrolls of enchant armour
 B - a scroll of blinking {unknown}
 E - 2 scrolls of brand weapon
 H - a scroll of immolation {unknown}
Potions
 h - 4 potions of curing
 l - 2 potions of brilliance {unknown}
 n - 2 potions of mutation {unknown}
 o - 2 potions of might {unknown}
 t - a potion of haste {unknown}
 z - 2 potions of degeneration {unknown}


   Skills:
 + Level 5.5 Short Blades
 - Level 2.6 Dodging
 * Level 12.3 Stealth
 + Level 6.7 Spellcasting
 * Level 9.4 Hexes


You had 10 spell levels left.
You knew the following spells:

 Your Spells              Type           Power      Damage    Failure   Level
a - Ensorcelled Hibernat  Hex/Ice        46%        N/A       2%          2
b - Tukima's Dance        Hex            40%        N/A       1%          3
c - Confusing Touch       Hex            40%        N/A       1%          3
d - Dazzling Flash        Conj/Hex       46%        N/A       4%          3

Your spell library contained the following spells:

 Spells                   Type           Power      Damage    Failure   Level


Dungeon Overview and Level Annotations

Branches:
Dungeon (9/15)             Temple (1/1) D:6         Ossuary (visited)
   Lair: D:8-11         Orc: D:9-12

Altars:
Ashenzari
Dithmenos
Elyvilon
Gozag
Hepliaklqana
Kikubaaqudgha
Nemelex Xobeh
Okawaru
Qazlal
Ru
Sif Muna
Trog
Uskayaw
Vehumet
Wu Jian
Yredelemnul
Zin
The Shining One

Shops:
D:1 =(=[[   D:2 !   D:3 :   D:7 *   D:9 (

Annotations:
D:5 3 runed translucent doors, ytrimaz's ghost, amateur DsSh


Innate Abilities, Weirdness & Mutations

You are very small and have problems with some larger weapons.
You are too small for most types of armour.
You have supernaturally acute eyesight. (SInv)
You cover ground extremely quickly. (Speed+++)


Message History

You hear a bellow!
You hear an angry hiss.
You hear a bellow! x5
You hit the howler monkey.
The howler monkey is poisoned.
The howler monkey is lightly wounded.
The howler monkey hoots and howls with incredible vigour!
You hear a bellow!
The howler monkey looks drowsy...
The helpless howler monkey fails to defend itself.
You stick the howler monkey like a pincushion!!!
You kill the howler monkey!
Dithmenos accepts your kill.
A wyvern comes into view.
You hit the howler monkey.
The howler monkey is poisoned.
The howler monkey is lightly wounded.
The howler monkey misses you.
The howler monkey hoots and howls with incredible vigour!
You hear a bellow! x2
You hit the howler monkey.
The howler monkey is heavily wounded.
The howler monkey completely misses you.
You barely miss the wyvern. The wyvern bites you!
Aiming: Ensorcelled Hibernation (safe; 2% risk of failure)
Press: ? - help, Q - select action, (/) - cycle Shift-Dir - straight line, f - wyvern
Aim: a wyvern (umbra, chance to affect: 55%)
The wyvern resists with significant effort.
The wyvern completely misses you.
The howler monkey hoots and howls with incredible vigour! x2
The wyvern bites you!!
* * * LOW HITPOINT WARNING * * *
You hear a bellow! x3
Aiming: Ensorcelled Hibernation (safe; 2% risk of failure)
Press: ? - help, Q - select action, (/) - cycle Shift-Dir - straight line, f/p - wyvern
Aim: a wyvern (umbra, chance to affect: 55%)
The wyvern resists with significant effort.
The howler monkey misses you. The wyvern closely misses you.
The howler monkey completely misses you. x2
You fade into invisibility!
The wyvern completely misses you. The howler monkey hits you!
* * * LOW HITPOINT WARNING * * *
The howler monkey closely misses you. The wyvern bites you.
You die...

# ..#.#.# #.. # #'#...#
#.. # .....# #.# #
....# .> #.. # ...# ...
#.. ..# #'##### #..
#†###.....# #..
#hh...###.# #..
#@l#......######..
.#..#..#..............
...................#...
..########.............
#......#'####.......#
#...........#######..
#...........# #..
#####..########## #..
###..#........# #..


You could see a wyvern (unable to see you) and 2 howler monkeys.

Vanquished Creatures
  2 water moccasins
  An orc warrior (D:7)
  A sky beast (D:7)
  A black bear (D:4)
  An ogre (D:5)
  2 kobold brigands
  A bullfrog (D:7)
  A gnoll sergeant (D:7)
  A scorpion (D:5)
  3 killer bees (D:9)
  5 howler monkeys
  A jelly (D:7)
  9 orc priests
  2 sleepcaps (D:6)
  8 hounds
  4 iguanas
  11 orc wizards
  7 gnolls
  15 adders
  3 ufetubi
  4 dart slugs
  21 orcs
  7 ball pythons
  6 bats
  5 endoplasms (D:4)
  5 giant cockroaches
  14 goblins
  7 hobgoblins
  2 jackals (D:3)
  15 kobolds
  5 quokkas
  2 frilled lizards (D:1)
  A goblin zombie (Ossuary)
  4 rats
177 creatures vanquished.

Vanquished Creatures (collateral kills)
  An orc priest (D:6)
  An orc (D:6)
2 creatures vanquished.

Vanquished Creatures (others)
  3 dancing weapons
  An orc (D:7)
4 creatures vanquished.

Grand Total: 183 creatures vanquished

Notes
Turn   | Place    | Note
-------+----------+-------------------------------------------
     0 | D:1      | MisterAzrael the Spriggan Enchanter began the quest for the
                  | Orb.
     0 | D:1      | Reached XP level 1. HP: 9/9 MP: 5/5
   230 | D:1      | Reached XP level 2. HP: 8/13 MP: 6/6
   297 | D:1      | Found Pixiecuahu's Jewellery Emporium.
   311 | D:1      | Found Awoaf's Antique Weapon Shoppe.
   334 | D:1      | Learned a level 2 spell: Ensorcelled Hibernation
   405 | D:1      | Found Ciag's Antique Armour Boutique.
   409 | D:1      | Reached skill level 5 in Stealth
   447 | D:1      | Found Mistost's Antique Armour Shop.
   487 | D:1      | Found Gychu's Jewellery Emporium.
   844 | D:1      | Reached XP level 3. HP: 12/16 MP: 3/8
   897 | D:1      | Learned a level 3 spell: Tukima's Dance
   910 | D:2      | HP: 1/24 [gnoll/+0 club (1)]
   922 | D:2      | HP: 1/24 [gnoll/+0 club (3)]
  1136 | D:2      | Reached XP level 4. HP: 21/21 MP: 7/10
  1427 | D:2      | Reached skill level 6 in Stealth
  2024 | D:2      | Found Fuim's Distillery.
  2079 | D:3      | Found Lynosa's Book Emporium.
  2722 | D:3      | Found a radiant altar of Vehumet.
  3017 | D:3      | Reached XP level 5. HP: 24/24 MP: 6/11
  3417 | D:4      | Reached skill level 7 in Stealth
  3430 | D:4      | Reached skill level 5 in Hexes
  4443 | D:5      | Entered Level 5 of the Dungeon
  4443 | D:5      | Found a sand-covered staircase.
  4468 | D:5      | Reached XP level 6. HP: 28/28 MP: 10/13
  4784 | Ossuary  | Entered an ossuary
  4868 | D:5      | Reached skill level 8 in Stealth
  4895 | D:5      | Reached XP level 7. HP: 32/32 MP: 11/14
  5113 | D:5      | Found a runed translucent gate.
  5113 | D:5      | Found a runed translucent gate.
  5113 | D:5      | Found a runed translucent gate.
  5209 | D:5      | Reached skill level 9 in Stealth
  5314 | D:5      | Reached skill level 5 in Spellcasting
  5559 | D:5      | Noticed ytrimaz's ghost (amateur DsSh)
  5684 | D:5      | Learned a level 3 spell: Confusing Touch
  5688 | D:5      | Learned a level 3 spell: Dazzling Flash
  6058 | D:6      | Reached XP level 8. HP: 36/36 MP: 16/16
  6332 | D:6      | Reached skill level 10 in Stealth
  6504 | D:6      | Found a staircase to the Ecumenical Temple.
  6511 | Temple   | Entered the Ecumenical Temple
  7175 | D:7      | Reached skill level 11 in Stealth
  7190 | D:7      | Reached skill level 5 in Short Blades
  7347 | D:7      | Found a shadowy altar of Dithmenos.
  7358 | D:7      | Became a worshipper of Dithmenos the Shadowed
  7394 | D:7      | Reached XP level 9. HP: 20/39 MP: 4/19
  7533 | D:7      | Found Fuohosmyu's Assorted Antiques.
  7684 | D:7      | Found an iron altar of Okawaru.
  7849 | D:7      | Found a stormy altar of Qazlal.
  8006 | D:8      | Identified the +10 sling "Grim Tooth" {heavy, rC+ Int+3}
  8025 | D:9      | Found Royd's Antique Weapon Boutique.
  8064 | D:9      | Found a glowing silver altar of Zin.
  8095 | D:9      | Found an ornate altar of the Wu Jian Council.
  8146 | D:9      | Reached skill level 12 in Stealth
  8450 | D:9      | Found a white marble altar of Elyvilon.
  8538 | D:9      | Reached * piety under Dithmenos
  8647 | D:9      | Slain by a wyvern

Illustrated notes

Levels and vault maps discovered:
D:1:      psy_arrival_conway, layout_loops_ring, serial_shops,
          nicolae_shop_window_shopping, shop, shop, nicolae_shop_dealshenge,
          shop
D:2:      layout_basic, serial_shops, nicolae_shop_back_alley_shop,
          minmay_misc_feat_rugged
D:3:      layout_loops_corners, overflow_temple_1_default, serial_shops, shop,
          grunt_ministairs_15
D:4:      layout_loops_ring, grunt_ministairs_14, grunt_decor_one_mirror
D:5:      layout_basic, gammafunk_ghost_necromancy, enter_ossuary_1,
          grunt_ministairs_8, hangedman_decor_opposing, minmay_strange_pillars,
          minmay_misc_feat_tower, kennysheep_donut, nicolae_half_adder
D:6:      layout_basic, minmay_temple_entry_hall, hangedman_decor_slide_cut,
          grunt_decor_junction
D:7:      layout_basic, mainiacjoe_overflow_chevrons, okawaru_altar_gauntlet_db,
          kennysheep_little_box, serial_shops, shop
D:8:      minmay_statue_hallways, layout_basic, lightli_temple_of_fire,
          nicolae_shop_sticking_my_neck_out, uniq_psyche, uniq_maggie
D:9:      layout_stronghold, elyvilon_altar_3, mainiacjoe_overflow_two_lobes,
          serial_shops, shop, grunt_decor_fettered, roderic_cross_of_infinity
Temple:   hellmonk_temple_of_storms

Skill      XL: |  1  2  3  4  5  6  7  8  9 |
---------------+----------------------------+-----
Stealth        | 5 6 7 8 9 11 12 | 12.3
Spellcasting   | 3 4 5 6 |  6.7
Hexes          | 4 5 6 7 8 9 |  9.4
Short Blades   | 2 3 4 5 |  5.5
Dodging        | |  2.6

Action                     |  1- 3 |  4- 6 |  7- 9 || total
---------------------------+-------+-------+-------++-------
  Melee: Dagger            |    60 |   117 |   145 ||   322
   Cast: Ensorcelled Hiber |    11 |    75 |    96 ||   182
         Tukima's Dance    |     1 |       |     7 ||     8
         Dazzling Flash    |       |       |     3 ||     3
         Confusing Touch   |       |       |     3 ||     3
    Use: Potion            |     3 |       |     3 ||     6
         Scroll            |       |       |     6 ||     6
   Stab: Sleeping          |    10 |    66 |    62 ||   138
         Distracted        |     1 |       |     1 ||     2
         Invisible         |       |       |     5 ||     5
         Confused          |       |       |     3 ||     3
 Armour: Robe              |     3 |     9 |    25 ||    37
         Skin              |    28 |       |       ||    28
  Dodge: Dodged            |    33 |   100 |   180 ||   313

Table legend: (Time is in decaauts)
 A = Elapsed time spent in this place.
 B = Non-inter-level travel time spent in this place.
 C = Inter-level travel time spent in this place.
 D = Time resting spent in this place.
 E = Time spent auto-exploring this place.
 F = Levels seen in this place.
 G = Mean time per level.
                   A        B        C        D        E       F      G
               +--------+--------+--------+--------+--------+-----+--------+
         Total |   6436 |   6316 |    120 |   1112 |   3968 |  11 |  585.1 |
       Dungeon |   6380 |   6260 |    120 |   1112 |   3968 |   9 |  708.9 |
        Temple |     36 |     36 |      0 |      0 |      0 |   1 |   36.0 |
       Ossuary |     19 |     19 |      0 |      0 |      0 |   1 |   19.0 |
               +--------+--------+--------+--------+--------+-----+--------+

Top non-repeatable levels by time:
     D:5: 1073 daAuts
     D:3: 995 daAuts
     D:2: 950 daAuts
     D:4: 926 daAuts
     D:6: 781 daAuts
     D:7: 588 daAuts
     D:1: 566 daAuts
     D:9: 477 daAuts
  Temple: 36 daAuts
 Ossuary: 19 daAuts
     D:8: 19 daAuts
